[Event "Titled Tuesday Blitz June 27 Early 2023"]
[White "Talibov, Shiroghlan"]
[Black "Danielyan, Vahe"]
[WhiteFideId "13429078"]
[BlackFideId "13304828"]
[WhiteElo "2834"]
[BlackElo "2694"]
[Result "0-1"]
[Round "9"]
[TimeControl "180+2"]
[Date "2023.06.27"]
[WhiteClock "0:00:01"]
[BlackClock "0:00:21"]
[Board "26"]

1. a3 a6 2. h3 Nf6 3. g4 d5 4. Bg2 e5 5. d3 Be6 6. b4 a5 7. b5 Nbd7 8. Bb2 h5 9. g5 Nh7 10. h4 Bd6 11. e4 dxe4 12. Bxe4 Nc5 13. Bg2 Nf8 14. Ne2 Ng6 15. Nd2 Qd7 16. a4 Bg4 17. f3 Be6 18. Ne4 Nxe4 19. fxe4 Bb4+ 20. c3 Be7 21. d4 f6 22. Qd2 O-O-O 23. d5 Bg4 24. c4 Bxe2 25. Qxe2 Nf4 26. Qf3 Bb4+ 27. Kd1 Kb8 28. Kc2 c6 29. bxc6 bxc6 30. Rhb1 cxd5 31. Bc3 dxc4 32. Bxb4 axb4 33. Rxb4+ Ka8 34. Qc3 Qd3+ 35. Qxd3 cxd3+ 36. Kd2 Nxg2 37. Rb5 Rd7 38. gxf6 gxf6 39. Ra5+ Ra7 40. Rxa7+ Kxa7 41. Kxd3 Nf4+ 42. Kc4 Rd8 43. Kb5 Rd4 44. Kc6 Rxe4 45. Kd6 Rd4+ 46. Ke7 Nd5+ 47. Ke6 e4 48. Kf5 e3 49. Re1 Ka6 50. Rh1 e2 51. Kg6 Rd1 52. Re1 0-1


[Site "https://www.chess.com"]

[Event "Titled Tuesday Blitz June 27 Early 2023"]
[White "Bharath Subramaniyam H"]
[Black "Schnaider, Ilan"]
[WhiteFideId "46634827"]
[BlackFideId "169013"]
[WhiteElo "2826"]
[BlackElo "2663"]
[Result "1-0"]
[Round "9"]
[TimeControl "180+2"]
[Date "2023.06.27"]
[WhiteClock "0:01:06"]
[BlackClock "0:00:07"]
[Board "27"]

1. e4 c5 2. Nf3 d6 3. d4 cxd4 4. Nxd4 Nf6 5. Nc3 a6 6. Rg1 e5 7. Nb3 Be6 8. g4 d5 9. exd5 Nxd5 10. Nxd5 Qxd5 11. Qxd5 Bxd5 12. Be3 Nc6 13. c3 O-O-O 14. Nd2 Kb8 15. a4 Bd6 16. O-O-O Bc7 17. Be2 Rd7 18. g5 Na5 19. b4 Nc6 20. Ne4 b6 21. Bxa6 Rhd8 22. Ng3 e4 23. Bb5 Kb7 24. Kb2 Be5 25. Nf5 Nxb4 26. Bxd7 Rxd7 27. Bd4 Bxd4 28. Rxd4 Nd3+ 29. Kb1 Nxf2 30. Ne3 Kc6 31. Rf1 Nd3 32. Kc2 Ne5 33. Rf5 f6 34. gxf6 gxf6 35. Rxf6+ Kc7 36. Nxd5+ Rxd5 37. Rxd5 Nc4 38. Rd4 Nd6 39. Rfxd6 e3 40. Re6 e2 41. Rxe2 Kb7 42. Re6 h5 43. Rb4 h4 44. Rbxb6+ Kc7 45. a5 h3 46. Re7+ Kc8 47. Rh6 Kd8 48. Rg7 Ke8 49. Rh8# 1-0


[Site "https://www.chess.com"]

[Event "Titled Tuesday Blitz June 27 Early 2023"]
[White "Florescu, Codrut-Constantin"]
[Black "Elsa167"]
[WhiteFideId "1202200"]
[WhiteElo "2656"]
[BlackElo "2818"]
[Result "0-1"]
[Round "9"]
[TimeControl "180+2"]
[Date "2023.06.27"]
[WhiteClock "0:00:23"]
[BlackClock "0:00:39"]
[Board "28"]

1. e4 c5 2. Nf3 e6 3. c3 d5 4. exd5 exd5 5. d4 Nf6 6. Bb5+ Bd7 7. Qe2+ Be7 8. dxc5 O-O 9. O-O Bxc5 10. Bxd7 Qxd7 11. Nbd2 Re8 12. Qd3 Nc6 13. Nb3 Bb6 14. Bg5 Ne4 15. Bf4 Qg4 16. Be3 Bxe3 17. fxe3 Rad8 18. Nfd4 Ne5 19. Qd1 Qg5 20. Qe2 Ng4 21. Rf3 Qe5 22. g3 g6 23. Raf1 Ng5 24. Qb5 Nxf3+ 25. Rxf3 Nxe3 26. Qxb7 Re7 27. Qa6 Rd6 28. Nc6 Rxc6 29. Qxc6 Nf5 30. Qb5 Qe2 31. Qxe2 Rxe2 32. Rf2 Re1+ 33. Kg2 Ne3+ 34. Kf3 Nc4 35. Nd4 Rb1 36. b3 Nd6 37. Rc2 Re1 38. Ne2 f5 39. Rd2 Ne4 40. Rxd5 Rf1+ 41. Ke3 Rh1 42. c4 Rxh2 43. c5 Rxe2+ 44. Kxe2 Nc3+ 45. Kd3 Nxd5 46. Kd4 Nc7 47. b4 h5 48. a4 a6 49. Ke5 Kf7 50. Kd6 Ne8+ 51. Kd7 f4 52. gxf4 h4 53. b5 axb5 54. axb5 h3 55. b6 h2 56. b7 h1=Q 57. b8=Q Qd5+ 58. Kc8 Qxc5+ 59. Kd8 Qe7+ 0-1


[Site "https://www.chess.com"]

[Event "Titled Tuesday Blitz June 27 Early 2023"]
[White "Ohanyan, Emin"]
[Black "Jakubowski, Krzysztof"]
[WhiteFideId "13312022"]
[BlackFideId "1112848"]
[WhiteElo "2816"]
[BlackElo "2636"]
[Result "0-1"]
[Round "9"]
[TimeControl "180+2"]
[Date "2023.06.27"]
[WhiteClock "0:00:01"]
[BlackClock "0:00:47"]
[Board "29"]

1. d4 Nf6 2. c4 e6 3. Nf3 d5 4. Nc3 Nbd7 5. cxd5 exd5 6. Bg5 Be7 7. e3 O-O 8. Qc2 Re8 9. Bd3 c6 10. O-O Nf8 11. Rab1 a5 12. a3 Ng6 13. b4 Bd6 14. h3 h6 15. Bxh6 Ne4 16. Nxe4 dxe4 17. Bxe4 Rxe4 18. Qxe4 gxh6 19. Ne5 Qg5 20. f4 Qf5 21. Qf3 Nxe5 22. dxe5 Bf8 23. g4 Qc2 24. f5 axb4 25. Rfc1 Qa2 26. axb4 Ra3 27. Qe4 Bd7 28. e6 fxe6 29. f6 Be8 30. Rf1 Bf7 31. Rbd1 Qe2 32. Rfe1 Qb2 33. Rd7 Ra2 34. Qf4 0-1


[Site "https://www.chess.com"]

[Event "Titled Tuesday Blitz June 27 Early 2023"]
[White "Halkias, Stelios"]
[Black "Mendez Fortes, Eduardo Jesus"]
[WhiteFideId "4201809"]
[BlackFideId "3502376"]
[WhiteElo "2782"]
[BlackElo "2600"]
[Result "1-0"]
[Round "9"]
[TimeControl "180+2"]
[Date "2023.06.27"]
[WhiteClock "0:01:13"]
[BlackClock "0:00:10"]
[Board "30"]

1. Nf3 d5 2. d4 Nf6 3. c4 e6 4. g3 dxc4 5. Bg2 a6 6. O-O Nc6 7. Nc3 Rb8 8. e4 Be7 9. d5 Nb4 10. Ne5 exd5 11. exd5 Bf5 12. Nxc4 O-O 13. Ne3 Bg6 14. Bd2 Nd3 15. Nc4 Nb4 16. Bf4 Bd3 17. b3 Bxf1 18. Qxf1 Nbxd5 19. Nxd5 Nxd5 20. Rd1 c6 21. Bxb8 Qxb8 22. Bxd5 cxd5 23. Rxd5 b5 24. Ne5 Qb7 25. Qd3 Rc8 26. Qf3 Bf8 27. Nd7 Rc1+ 28. Kg2 Be7 29. Nf6+ gxf6 30. Rg5+ 1-0


[Site "https://www.chess.com"]

[Event "Titled Tuesday Blitz June 27 Early 2023"]
[White "Yeritsyan, Hayk"]
[Black "Morefield, Jason"]
[WhiteFideId "13307320"]
[BlackFideId "30920825"]
[WhiteElo "2499"]
[BlackElo "2759"]
[Result "0-1"]
[Round "9"]
[TimeControl "180+2"]
[Date "2023.06.27"]
[WhiteClock "0:00:28"]
[BlackClock "0:01:04"]
[Board "31"]

1. d4 Nf6 2. Nf3 b6 3. Bf4 Bb7 4. e3 g6 5. h3 Bg7 6. Be2 O-O 7. c3 c5 8. O-O d6 9. Bh2 Nbd7 10. Nbd2 Re8 11. Rc1 a6 12. Re1 b5 13. Nb3 Rc8 14. Rf1 Qb6 15. Re1 e5 16. Rf1 a5 17. Nbd2 cxd4 18. cxd4 Rxc1 19. Qxc1 Rc8 20. Qb1 e4 21. Ne1 Qc6 22. g4 d5 23. Bd1 b4 24. Ng2 Ba6 25. Re1 g5 26. Nb3 Bd3 27. Qa1 a4 28. Nc1 Qxc1 29. Qxc1 Rxc1 30. Bxa4 Rxe1+ 31. Nxe1 Nb6 32. Nxd3 exd3 33. Bd1 Nc4 34. a4 bxa3 35. bxa3 Nxa3 36. f3 Nc4 37. Kf2 Bf8 38. Bb3 Bb4 39. e4 Na5 40. Bxd5 Nxd5 41. exd5 d2 42. Ke2 Nc4 43. d6 Nb2 0-1


[Site "https://www.chess.com"]

[Event "Titled Tuesday Blitz June 27 Early 2023"]
[White "NicolaiMaxime"]
[Black "Pranav, V"]
[BlackFideId "25060783"]
[WhiteElo "2584"]
[BlackElo "3014"]
[Result "1/2-1/2"]
[Round "9"]
[TimeControl "180+2"]
[Date "2023.06.27"]
[WhiteClock "0:00:19"]
[BlackClock "0:00:08"]
[Board "32"]

1. c4 e5 2. Nc3 Nc6 3. Nf3 g6 4. d4 exd4 5. Nxd4 Bg7 6. Nxc6 bxc6 7. g3 Nf6 8. Bg2 O-O 9. O-O Re8 10. Bf4 Rb8 11. Rb1 Rb6 12. Be3 Ra6 13. Bd4 d6 14. b4 Bf5 15. Rb3 Be6 16. Qd3 Ng4 17. Bxg7 Kxg7 18. Qd4+ Qf6 19. Qxf6+ Nxf6 20. b5 cxb5 21. cxb5 Rxa2 22. Nxa2 Bxb3 23. Nc3 Bc4 24. Ra1 Bxe2 25. Nxe2 Rxe2 26. Rxa7 Rc2 27. Bc6 d5 28. Rxc7 d4 29. b6 d3 30. b7 d2 31. Bf3 Rxc7 32. b8=Q Rc1+ 33. Kg2 d1=Q 34. Bxd1 Rxd1 35. Qb2 Rd5 36. g4 h5 37. h3 hxg4 38. hxg4 g5 39. Kg3 Kg6 40. Qc2+ Kg7 41. Qb2 Rc5 42. f4 gxf4+ 43. Kxf4 Kg6 44. Qb1+ Kh6 45. Qh1+ Kg7 46. Qa1 Kg6 47. Qb1+ Kh6 48. Qh1+ Kg7 49. Qa1 Kg6 50. Qb1+ 1/2-1/2


[Site "https://www.chess.com"]

[Event "Titled Tuesday Blitz June 27 Early 2023"]
[White "Iskusnyh, Sergei"]
[Black "Pap, Gyula"]
[WhiteFideId "4120027"]
[BlackFideId "725323"]
[WhiteElo "2606"]
[BlackElo "2926"]
[Result "1-0"]
[Round "9"]
[TimeControl "180+2"]
[Date "2023.06.27"]
[WhiteClock "0:00:07"]
[BlackClock "0:00:25"]
[Board "33"]

1. d4 d5 2. c4 e6 3. Nf3 Nf6 4. Nc3 Nbd7 5. Bf4 dxc4 6. e3 b5 7. Nxb5 Bb4+ 8. Nc3 Nd5 9. Qc2 N7b6 10. Bg3 Bd7 11. Be2 O-O 12. O-O Rb8 13. e4 Nxc3 14. bxc3 Ba4 15. Qd2 Ba5 16. Ne5 c5 17. Nxc4 Nxc4 18. Bxc4 cxd4 19. Qxd4 Rc8 20. Bb3 Bb5 21. Qxd8 Rfxd8 22. Rfd1 Bxc3 23. Rxd8+ Rxd8 24. Rd1 Rd4 25. f3 e5 26. Bf2 Rxd1+ 27. Bxd1 Bd4 28. Bxd4 exd4 29. Kf2 f6 30. Ke1 Kf7 31. Be2 Bc6 32. Bc4+ Ke7 33. Kd2 g5 34. Kd3 Kd6 35. Kxd4 h5 36. g3 Bd7 37. f4 gxf4 38. gxf4 Bg4 39. e5+ fxe5+ 40. fxe5+ Ke7 41. Kc5 Bd7 42. Bd5 Ba4 43. Kb4 Bd1 44. Ka5 Be2 45. a3 h4 46. Kb4 Bd3 47. Kc5 Be2 48. Kc6 Ba6 49. Kc7 Be2 50. Kb7 a5 51. Kb6 a4 52. Ka5 Bd1 53. Kb4 Kd7 54. Bc4 Ke7 55. Kc5 Bc2 56. Kd4 Kd7 57. Ke3 Kc6 58. Kf4 Kc5 59. Bf7 Bb3 60. e6 Kd6 61. Kg4 Bxe6+ 62. Bxe6 Kxe6 63. Kxh4 Kd5 64. Kg4 Kc4 65. h4 Kb3 66. h5 Kxa3 67. h6 Ka2 68. h7 a3 69. h8=Q Kb1 70. Qh1+ Kb2 71. Qg2+ Kb1 72. Qf1+ Kb2 73. Qe2+ Kb1 74. Qe1+ Kb2 75. Qb4+ 1-0


[Site "https://www.chess.com"]

[Event "Titled Tuesday Blitz June 27 Early 2023"]
[White "Krutko, Anatoly"]
[Black "Rahman, Masruri"]
[WhiteFideId "4185862"]
[BlackFideId "7101163"]
[WhiteElo "2574"]
[BlackElo "2793"]
[Result "1-0"]
[Round "9"]
[TimeControl "180+2"]
[Date "2023.06.27"]
[WhiteClock "0:00:36"]
[BlackClock "0:00:00"]
[Board "34"]

1. d4 e6 2. e4 d5 3. Nc3 Bb4 4. Ne2 dxe4 5. a3 Be7 6. Nxe4 b6 7. N2g3 Bb7 8. Bd3 Nd7 9. O-O Ngf6 10. c3 O-O 11. Qe2 c5 12. dxc5 Nxc5 13. Nxc5 Bxc5 14. Rd1 Qc7 15. Bg5 Qc6 16. Qf1 Ng4 17. Ne4 Qc7 18. g3 Bxe4 19. Bxe4 Nxf2 20. Bxa8 Nxd1+ 21. Kg2 Rxa8 22. Rxd1 Qc6+ 23. Qf3 Qxf3+ 24. Kxf3 f6 25. Be3 Rc8 26. Bxc5 Rxc5 27. Rd7 Rf5+ 28. Ke3 Re5+ 29. Kf3 a5 30. b4 axb4 31. axb4 b5 32. Rb7 h5 33. Rc7 Rd5 34. Ke4 g5 35. h4 Kf8 36. Rh7 f5+ 37. Ke3 gxh4 38. gxh4 Ke8 39. Kf4 Rd3 40. Ke5 Rxc3 41. Kxe6 Kd8 42. Rxh5 Rc4 43. Kd6 Kc8 44. Rxf5 Rxb4 45. h5 Rb1 46. h6 1-0


[Site "https://www.chess.com"]

[Event "Titled Tuesday Blitz June 27 Early 2023"]
[White "Avinash Ramesh"]
[Black "Ljukin, Sergei"]
[WhiteFideId "45018340"]
[BlackFideId "14102200"]
[WhiteElo "2787"]
[BlackElo "2563"]
[Result "1-0"]
[Round "9"]
[TimeControl "180+2"]
[Date "2023.06.27"]
[WhiteClock "0:02:28"]
[BlackClock "0:00:10"]
[Board "35"]

1. d4 d5 2. c4 c6 3. Nf3 Nf6 4. g3 Bf5 5. Bg2 e6 6. O-O Bd6 7. Nc3 Nbd7 8. Nd2 O-O 9. e4 dxe4 10. Ndxe4 Nxe4 11. Nxe4 Be7 12. Nc3 Bf6 13. Be3 Qc7 14. h3 Rad8 15. g4 Bg6 16. g5 Be7 17. Qg4 e5 18. d5 Bc5 19. Rad1 Bxe3 20. fxe3 Nc5 21. b4 Nd3 22. c5 cxd5 23. Nxd5 Qd7 24. Qxd7 Rxd7 25. e4 Nb2 26. Nf6+ gxf6 27. Rxd7 fxg5 28. Rxb7 Nd3 29. c6 1-0


[Site "https://www.chess.com"]

[Event "Titled Tuesday Blitz June 27 Early 2023"]
[White "Mamedov, Edgar"]
[Black "Bryakin, Mikhail"]
[WhiteFideId "13739980"]
[BlackFideId "4165314"]
[WhiteElo "2562"]
[BlackElo "2765"]
[Result "1-0"]
[Round "9"]
[TimeControl "180+2"]
[Date "2023.06.27"]
[WhiteClock "0:00:33"]
[BlackClock "0:00:03"]
[Board "36"]

1. d4 f5 2. g3 Nf6 3. Bg2 d6 4. Nf3 g6 5. O-O Bg7 6. c4 O-O 7. Nc3 Qe8 8. b3 a5 9. Re1 Ne4 10. Bb2 Nxc3 11. Bxc3 b5 12. cxb5 Qxb5 13. Rc1 Bb7 14. d5 Qxd5 15. Bxg7 Kxg7 16. Rxc7 Qxd1 17. Rxd1 Be4 18. Rxe7+ Kf6 19. Rxh7 d5 20. Nd4 Bxg2 21. Kxg2 Na6 22. Rc1 Rfc8 23. Rxc8 Rxc8 24. Ra7 Nb4 25. Rxa5 Ke5 26. Nf3+ Kf6 27. a3 Nc2 28. Rxd5 Nxa3 29. Rd6+ Kg7 30. Nh4 Rc2 31. Rxg6+ Kf7 32. Ra6 Nb1 33. Nxf5 Rxe2 34. h4 Nc3 35. Nd4 Rd2 36. Nf3 Rb2 37. Rd6 Ke7 38. Rd3 Nb5 39. h5 Kf6 40. Nd4 Nd6 41. Re3 Nf7 42. Rf3+ Kg7 43. Ne6+ Kg8 44. Re3 Nd6 45. g4 Kf7 46. Ng5+ Kg7 47. Kg3 Rb1 48. Re7+ Kg8 49. h6 Rg1+ 50. Kf4 Rh1 51. h7+ Kh8 52. Rd7 Nf7 53. Nxf7+ Kxh7 54. Ne5+ Kg8 55. Kf5 Rh6 56. g5 Rb6 57. f4 Rxb3 58. g6 Rb6 59. Kg5 Rb1 60. f5 Rb8 61. f6 Ra8 62. Rg7+ Kf8 63. Nd7+ Ke8 64. Rg8+ 1-0


[Site "https://www.chess.com"]

[Event "Titled Tuesday Blitz June 27 Early 2023"]
[White "Delorme, Axel"]
[Black "Renjith, Sravan"]
[WhiteFideId "632023"]
[BlackFideId "4306783"]
[WhiteElo "2556"]
[BlackElo "2743"]
[Result "0-1"]
[Round "9"]
[TimeControl "180+2"]
[Date "2023.06.27"]
[WhiteClock "0:00:12"]
[BlackClock "0:00:51"]
[Board "37"]

1. e4 e5 2. Nf3 Nc6 3. Bb5 f5 4. d3 fxe4 5. dxe4 Nf6 6. O-O d6 7. Bc4 Bg4 8. h3 Bh5 9. Nc3 Be7 10. Be3 Na5 11. Bb5+ c6 12. Be2 Bxf3 13. Bxf3 Nc4 14. Bc1 O-O 15. b3 Nb6 16. a4 Nbd7 17. Ba3 a5 18. Bxd6 Nc5 19. Bxe7 Qxe7 20. Qe2 Ne6 21. Rad1 Nd4 22. Qc4+ Kh8 23. Rd3 Nd7 24. Bd1 Nb6 25. Rxd4 Nxc4 26. Rxc4 Rad8 27. Bg4 Rd4 28. Be2 Rfd8 29. Nd1 Rxc4 30. Bxc4 Rd2 31. Ne3 Qc5 32. Bd3 b5 33. axb5 cxb5 34. Ra1 Qc3 35. Rb1 h5 36. Nf1 Rxd3 37. cxd3 Qxd3 38. Ra1 Qc3 39. Rb1 a4 40. bxa4 bxa4 41. Ne3 a3 42. Nd1 Qd4 0-1


[Site "https://www.chess.com"]

[Event "Titled Tuesday Blitz June 27 Early 2023"]
[White "Preotu, Razvan"]
[Black "Turzo, Attila"]
[WhiteFideId "2613280"]
[BlackFideId "704954"]
[WhiteElo "2714"]
[BlackElo "2553"]
[Result "1-0"]
[Round "9"]
[TimeControl "180+2"]
[Date "2023.06.27"]
[WhiteClock "0:00:09"]
[BlackClock "0:00:06"]
[Board "38"]

1. e4 d6 2. d4 Nf6 3. Nc3 g6 4. Be3 Bg7 5. Qd2 c6 6. O-O-O b5 7. f3 b4 8. Nce2 a5 9. Bh6 Bxh6 10. Qxh6 Qc7 11. Nh3 a4 12. Ng5 b3 13. cxb3 axb3 14. a3 c5 15. d5 c4 16. Nc3 Qc5 17. Kb1 Nbd7 18. Qg7 Rf8 19. Nxh7 Nxh7 20. Qxh7 Nb6 21. Qg7 f6 22. Qxg6+ Kd8 23. Qh6 Re8 24. Qd2 Na4 25. Nxa4 Rxa4 26. Qd4 c3 27. Qxc5 dxc5 28. bxc3 c4 29. Rd4 Ba6 30. Kb2 Kc7 31. h4 Bb5 32. h5 Rea8 33. h6 Rxa3 34. Bxc4 Ra2+ 35. Kxb3 Bd7 36. d6+ exd6 37. Bd5 Rb8+ 38. Kxa2 Rb6 39. h7 Ra6+ 40. Kb2 Rb6+ 41. Rb4 Ra6 42. h8=Q 1-0


[Site "https://www.chess.com"]

[Event "Titled Tuesday Blitz June 27 Early 2023"]
[White "Berezin, Viktor"]
[Black "Arhan_Anand"]
[WhiteFideId "14107872"]
[WhiteElo "2548"]
[BlackElo "2706"]
[Result "1-0"]
[Round "9"]
[TimeControl "180+2"]
[Date "2023.06.27"]
[WhiteClock "0:00:09"]
[BlackClock "0:00:13"]
[Board "39"]

1. d4 d5 2. c4 c6 3. Nf3 Nf6 4. e3 e6 5. Nbd2 Nbd7 6. Bd3 Bd6 7. O-O O-O 8. e4 dxe4 9. Nxe4 Nxe4 10. Bxe4 Nf6 11. Bc2 c5 12. Be3 cxd4 13. Qxd4 Qe7 14. Rad1 Rd8 15. Qh4 h6 16. Bxh6 gxh6 17. Qxh6 e5 18. Ng5 e4 19. Bxe4 Bxh2+ 20. Kh1 Rxd1 21. Rxd1 Bg4 22. Bh7+ Kh8 23. Bg6+ Kg8 24. Bxf7+ Qxf7 25. Nxf7 Kxf7 26. f3 Be5 27. fxg4 Rg8 28. g5 Rg6 29. Qh4 Ng8 30. Rf1+ Kg7 31. Rf5 Bxb2 32. Qe4 Kh8 33. Qxb7 Rg7 34. Qf3 Rh7+ 35. Kg1 Bd4+ 36. Kf1 Rh1+ 37. Ke2 Bg7 38. g6 Rh6 39. Rh5 a5 40. Rxh6+ Bxh6 41. g4 Bg7 42. Qh3+ Bh6 43. g5 Kg7 44. gxh6+ Nxh6 45. c5 Kxg6 46. c6 a4 47. c7 Nf5 48. Qxf5+ Kxf5 49. c8=Q+ Ke5 50. Qa6 Kf5 51. Qxa4 1-0


[Site "https://www.chess.com"]

[Event "Titled Tuesday Blitz June 27 Early 2023"]
[White "djokovic74"]
[Black "Ritvin, Stanislav"]
[BlackFideId "2011751"]
[WhiteElo "2681"]
[BlackElo "2518"]
[Result "1-0"]
[Round "9"]
[TimeControl "180+2"]
[Date "2023.06.27"]
[WhiteClock "0:00:28"]
[BlackClock "0:00:10"]
[Board "40"]

1. e4 e5 2. Nf3 Nc6 3. Bb5 Nf6 4. O-O Nxe4 5. d4 Nd6 6. Ba4 exd4 7. c3 Be7 8. cxd4 O-O 9. d5 Nb8 10. Nc3 Bf6 11. Bf4 Bxc3 12. bxc3 Ne4 13. Qd4 f5 14. d6 cxd6 15. Bb3+ Kh8 16. Rfe1 Nc6 17. Qd3 Qf6 18. Rac1 Ne5 19. Qe3 Ng4 20. Qe2 Ngxf2 21. h3 Qg6 22. Kh2 Qh5 23. Kg1 Rf6 24. Ng5 h6 25. Qxh5 1-0


[Site "https://www.chess.com"]

[Event "Titled Tuesday Blitz June 27 Early 2023"]
[White "Kaidanov, Gregory"]
[Black "Ginzburg, Yakov"]
[WhiteFideId "2008564"]
[BlackFideId "4157176"]
[WhiteElo "2660"]
[BlackElo "2510"]
[Result "1-0"]
[Round "9"]
[TimeControl "180+2"]
[Date "2023.06.27"]
[WhiteClock "0:01:10"]
[BlackClock "0:00:00"]
[Board "41"]

1. d4 d5 2. c4 c6 3. Nf3 Nf6 4. g3 g6 5. Bg2 Bg7 6. O-O O-O 7. Ne5 Nbd7 8. Nc3 Nxe5 9. dxe5 Ne4 10. cxd5 Nxc3 11. bxc3 cxd5 12. Bxd5 Bxe5 13. Qb3 Qc7 14. Bh6 Bg7 15. Bxg7 Kxg7 16. c4 Bh3 17. Rfd1 Rab8 18. Qc3+ Kg8 19. c5 e6 20. Bf3 Rbc8 21. Rac1 Rfd8 22. Rxd8+ Rxd8 23. Qe3 Qd7 24. Qb3 Qd2 25. Qb1 Bf5 26. Qa1 Bh3 27. Qb1 Rd7 28. e3 Qa5 29. Bxb7 Rd2 30. Bg2 Bxg2 31. Kxg2 1-0


[Site "https://www.chess.com"]

[Event "Titled Tuesday Blitz June 27 Early 2023"]
[White "Miszler, Levente"]
[Black "Karttunen, Mika"]
[WhiteFideId "763276"]
[BlackFideId "502081"]
[WhiteElo "2486"]
[BlackElo "2656"]
[Result "1/2-1/2"]
[Round "9"]
[TimeControl "180+2"]
[Date "2023.06.27"]
[WhiteClock "0:00:09"]
[BlackClock "0:00:14"]
[Board "42"]

1. Nf3 Nf6 2. c4 e6 3. g3 d5 4. Bg2 c5 5. cxd5 exd5 6. O-O Nc6 7. d4 Be6 8. a3 h6 9. dxc5 Bxc5 10. b4 Bb6 11. Bb2 O-O 12. Nc3 Ne4 13. Na4 Bc7 14. Nd2 f5 15. Nxe4 dxe4 16. Nc5 Qxd1 17. Rfxd1 Bc4 18. Rd7 Rf7 19. Rad1 b6 20. Rxf7 Bxf7 21. Na6 Be5 22. b5 Bxb2 23. bxc6 Rc8 24. c7 Bf6 25. Bh3 g6 26. Rc1 h5 27. e3 Bd5 28. Bf1 Kf7 29. Bc4 Bxc4 30. Rxc4 Ke7 31. Rc6 g5 32. Kf1 h4 33. Ke2 hxg3 34. hxg3 g4 35. Nb4 Be5 36. Nd5+ Kd7 37. Rh6 Bxc7 38. Rf6 Bd6 39. a4 Rc5 40. Nb4 a5 41. Na6 Rc8 42. Rf7+ Kc6 43. Ra7 Rd8 44. Rf7 Rd7 45. Rxf5 Kb7 46. Rg5 Kxa6 47. Rxg4 Re7 48. Rg5 Bc5 49. Rf5 Rc7 50. Re5 b5 51. axb5+ Kxb5 52. Rxe4 a4 53. Rh4 a3 54. Rh1 a2 55. g4 Ra7 56. f4 a1=Q 57. Rxa1 Rxa1 58. Kf3 Kc4 59. f5 Re1 60. g5 Rxe3+ 61. Kf4 Kd5 62. g6 Re4+ 63. Kg5 Be3+ 64. Kf6 Kd6 65. Kf7 Rg4 66. f6 Bd4 67. g7 Bxf6 68. Kxf6 Kd7 69. Kf7 Rf4+ 70. Kg6 Rg4+ 71. Kf7 Rxg7+ 72. Kxg7 1/2-1/2


[Site "https://www.chess.com"]

[Event "Titled Tuesday Blitz June 27 Early 2023"]
[White "Luukkonen, Tommi"]
[Black "Jia, Haoxiang"]
[WhiteFideId "501808"]
[BlackFideId "8602999"]
[WhiteElo "2472"]
[BlackElo "2643"]
[Result "1-0"]
[Round "9"]
[TimeControl "180+2"]
[Date "2023.06.27"]
[WhiteClock "0:02:10"]
[BlackClock "0:01:44"]
[Board "43"]

1. e4 c5 2. d4 cxd4 3. Qxd4 Nc6 4. Qd3 d6 5. Nc3 g6 6. Nf3 Bg7 7. Be2 Nf6 8. h3 O-O 9. O-O a6 10. Nd5 Nxd5 11. exd5 Bf5 12. Qd2 Na5 13. Nd4 Qc8 14. Nxf5 Qxf5 15. Qxa5 Qxc2 16. Qd2 Qa4 17. b3 Qe4 18. Bf3 Qe5 19. Rb1 Qf5 20. Bb2 1-0


[Site "https://www.chess.com"]

[Event "Titled Tuesday Blitz June 27 Early 2023"]
[White "Mrudul Dehankar"]
[Black "Colas, Joshua"]
[WhiteFideId "25096990"]
[BlackFideId "2044447"]
[WhiteElo "2445"]
[BlackElo "2631"]
[Result "0-1"]
[Round "9"]
[TimeControl "180+2"]
[Date "2023.06.27"]
[WhiteClock "0:00:00"]
[BlackClock "0:00:24"]
[Board "44"]

1. e4 c5 2. Nf3 d6 3. d4 cxd4 4. Nxd4 Nf6 5. Nc3 g6 6. Be3 Bg7 7. Bc4 O-O 8. f3 Nc6 9. Qd2 Nxd4 10. Bxd4 Be6 11. Bb3 Qa5 12. O-O-O b5 13. Kb1 b4 14. Nd5 Bxd5 15. exd5 Qb5 16. Rhe1 a5 17. Qe2 Qxe2 18. Rxe2 a4 19. Bc4 Rfc8 20. b3 Rc7 21. Rde1 Kf8 22. g4 Rb7 23. h4 Ne8 24. Re4 Bxd4 25. Rxd4 Nf6 26. Kb2 Nd7 27. f4 Nc5 28. Rd2 Rba7 29. Rde2 axb3 30. axb3 Ra2+ 31. Kc1 Ra1+ 32. Kd2 Rxe1 33. Rxe1 f5 34. gxf5 gxf5 35. Bd3 Ra2 36. Bxf5 Nxb3+ 37. Kd3 Nc5+ 38. Kc4 Ra4 39. Kb5 Ra3 40. Bxh7 Rh3 41. Bf5 Rxh4 42. Rf1 b3 43. cxb3 Nxb3 44. Kc4 Nd2+ 0-1


[Site "https://www.chess.com"]

[Event "Titled Tuesday Blitz June 27 Early 2023"]
[White "Manukian, Artak"]
[Black "Jaskolka, Tomasz"]
[WhiteFideId "13301373"]
[BlackFideId "1170791"]
[WhiteElo "2443"]
[BlackElo "2630"]
[Result "1/2-1/2"]
[Round "9"]
[TimeControl "180+2"]
[Date "2023.06.27"]
[WhiteClock "0:00:11"]
[BlackClock "0:00:09"]
[Board "45"]

1. e4 d5 2. exd5 Nf6 3. Nc3 Nxd5 4. Bc4 c6 5. Qf3 Nf6 6. Nge2 Bg4 7. Qg3 e6 8. d4 Bd6 9. Bf4 Bxf4 10. Qxf4 Nbd7 11. f3 Bf5 12. O-O-O Nb6 13. Bb3 Nbd5 14. Nxd5 cxd5 15. g4 Bg6 16. h4 h5 17. g5 Ng8 18. Qe5 Rh7 19. Nf4 Ne7 20. Kb1 Qb8 21. Qe3 Qd6 22. Ka1 b5 23. c3 a5 24. Nxg6 Nxg6 25. Bc2 Rh8 26. Bxg6 fxg6 27. Qd3 Kf7 28. Qxb5 Rhb8 29. Qe2 a4 30. Rd2 a3 31. b3 Rc8 32. Rc2 Rc6 33. Rhc1 Rac8 34. Qe5 Qxe5 35. dxe5 Ke7 36. c4 Kd7 37. Kb1 Rf8 38. cxd5 Rxc2 39. dxe6+ Kxe6 40. Kxc2 Rxf3 41. b4 Kxe5 42. Rb1 Kd6 43. Rb3 Rf2+ 44. Kc3 Rxa2 45. b5 Kc7 46. Kb4 Kb6 47. Re3 Rb2+ 48. Kxa3 Rh2 49. Re6+ Kxb5 50. Rxg6 Rxh4 51. Rxg7 Rg4 52. g6 Kc6 53. Rh7 Rxg6 54. Rxh5 Rg3+ 55. Kb4 Rg4+ 56. Kc3 Rg3+ 57. Kd4 Rg4+ 58. Ke3 Rg3+ 59. Kf4 Rc3 60. Re5 Rc5 61. Rxc5+ Kxc5 1/2-1/2


[Site "https://www.chess.com"]

[Event "Titled Tuesday Blitz June 27 Early 2023"]
[White "Mickiewicz, Piotr"]
[Black "Sowul, Bartosz"]
[WhiteFideId "1114891"]
[BlackFideId "1137590"]
[WhiteElo "2419"]
[BlackElo "2610"]
[Result "1-0"]
[Round "9"]
[TimeControl "180+2"]
[Date "2023.06.27"]
[WhiteClock "0:00:14"]
[BlackClock "0:00:12"]
[Board "46"]

1. Nf3 Nf6 2. g3 g6 3. Bg2 d5 4. O-O Bg7 5. d3 O-O 6. Nbd2 c6 7. e4 Bg4 8. h3 Bxf3 9. Qxf3 e6 10. Qe2 c5 11. Re1 Nc6 12. c3 Qc7 13. Nf3 b5 14. Bf4 Qa5 15. e5 Nd7 16. d4 b4 17. Rac1 bxc3 18. bxc3 Rab8 19. h4 Qa3 20. Rc2 cxd4 21. cxd4 Nb4 22. Rd2 Nb6 23. h5 Nc4 24. h6 Nxd2 25. Qxd2 Bh8 26. Bg5 Qd3 27. Qf4 Qf5 28. Qh4 Nd3 29. g4 Qxf3 30. Bxf3 Nxe1 31. Bg2 Rb1 32. Kh2 Nxg2 33. Kxg2 f5 34. exf6 Rb2 35. Qg3 Rc8 36. Qd6 Rb7 37. Qxe6+ Kf8 38. Qxc8+ Kf7 39. Qxb7+ Ke6 40. Qc8+ 1-0


[Site "https://www.chess.com"]